AoeStats
← epic shit

Arabia

509148978Analyzed
1v1 RM · 5d ago on Sep 25, 2026· 56m 27s· 2 players
Game mode
Random Map
Map size
Tiny (2 player)
Population
200
Speed
Normal
Resources
Standard
Victory
Conquest
Starting age
Dark Age
Ending age
Imperial Age
RankedLock teamsTeams togetherTeam positionsShared explorationLock speedFull tech treeHidden civsTurbo modeCheats
Victory
Defeat
🇨🇱 Saxons · Chile
954
+16
🇺🇸 Chinese · United States
962
-16
epic shit
2:50 Loom
8:34 Loom
10:39 Feudal Age
11:14 Town Watch
13:38 Man-at-Arms
14:06 Arson
22:51 Castle Age
22:02 Wheelbarrow
23:21 Fletching
23:23 Double-Bit Axe
26:57 Husbandry
27:10 Forging
28:39 Bloodlines
30:32 Treadmill Crane
37:43 Redemption
38:33 Bodkin Arrow
38:47 Scale Barding Armor
42:36 Imperial Age
40:51 Clerical Recruitment
41:02 Clerical Recruitment
43:11 Bow Saw
42:46 Horse Collar
43:41 Conscription
43:38 Cavalier
43:48 Capped Ram
45:55 Gold Mining
45:56 Stone Mining
45:48 Elite Varangian Guard
47:00 Shield Wall
47:46 Squires
48:19 Heavy Mounted Crossbowman
49:30 Cranequins
51:32 Light Cavalry
53:28 Chemistry
52:49 Ballistics
52:42 Masonry
51:58 Elite Skirmisher
53:55 Hussar
55:50 Hand Cart
57:00 Hoardings
57:05 Bracer
BadgerOrion
0:26 Loom
10:30 Feudal Age
18:55 Castle Age
17:15 Double-Bit Axe
17:14 Horse Collar
18:55 Gold Mining
21:11 Bow Saw
26:39 Fletching
26:49 Padded Archer Armor
32:30 Sanctity
33:10 Bodkin Arrow
33:30 Leather Archer Armor
34:14 Wheelbarrow
42:49 Imperial Age
41:22 Masonry
41:41 Ballistics
43:39 Town Watch
46:47 Chemistry
46:46 Elite Chu Ko Nu
Connection lost

Rejoining the realm…

Still unreachable

The connection could not be restored.

Session expired

The server has moved on; the page needs a fresh start.